 Dungeon Crawl Stone Soup version 0.17.1-3-g152610e (webtiles) character file.

462 Zhenya25pyc the Ducker (level 7, -8/41 HPs)
             Began as a Gargoyle Gladiator on Mar 30, 2016.
             Was an Initiate of Vehumet.
             Killed by divine providence
             ... invoked by an orc priest
              (12 damage)
             ... on level 5 of the Dungeon.
             The game lasted 00:14:53 (2961 turns).

Zhenya25pyc the Ducker (Gargoyle Gladiator)         Turns: 2961, Time: 00:14:53

Health: -8/41      AC: 12    Str: 25    XL:     7   Next: 7%
Magic:  7/7        EV: 13    Int:  8    God:    Vehumet [......]
Gold:   191        SH:  0    Dex: 11    Spells: 0 memorised, 6 levels left

rFire  . . .     SeeInvis .     b - +0 scythe
rCold  . . .     Clarity  .     y - +0 ring mail
rNeg   + . .     SustAt   .     (shield currently unavailable)
rPois  ∞         Gourm    .     c - +0 helmet
rElec  +         Spirit   .     (no cloak)
rCorr  .         Warding  .     (no gloves)
rMut   .         Stasis   .     t - +0 pair of boots
MR     .....                    (no amulet)
Stlth  +.........               (no ring)
                                g - ring of flight

@: mighty, not resistant to hostile enchantments, very unstealthy
A: negative energy resistance 1, electricity resistance, unbreathing,
petrification resistance, rot immunity, AC +4
a: Renounce Religion, Evoke Flight


You were on level 5 of the Dungeon.
You worshipped Vehumet.
Vehumet was noncommittal.
You were very full.

You visited 1 branch of the dungeon, and saw 5 of its levels.

You collected 191 gold pieces.

Inventory:

Hand Weapons
 a - a +0 flail
 b - a +0 scythe (weapon)
Missiles
 d - 3 throwing nets
 p - 3 javelins (quivered)
Armour
 c - a +0 helmet (worn)
 t - a +0 pair of boots (worn)
 y - a +0 ring mail (worn)
Jewellery
 g - a ring of flight (left hand)
 j - an uncursed ring of fire {unknown}
Scrolls
 h - 6 scrolls of identify {unknown}
 i - a scroll of blinking {unknown}
 k - 2 scrolls of remove curse {unknown}
 n - a scroll of fear {unknown}
 v - a scroll of teleportation {unknown}
Potions
 f - 4 potions of lignification {unknown}
 l - 2 potions of heal wounds {unknown}
 w - a potion of ambrosia {unknown}
Comestibles
 e - 2 bread rations
 m - a royal jelly
 o - a meat ration


   Skills:
 + Level 3.1 Fighting
 + Level 3.8 Maces & Flails
 + Level 1.1 Polearms
 + Level 1.8 Throwing
 + Level 3.2 Armour
 + Level 4.8 Dodging
 + Level 0.8 Stealth


You had 6 spell levels left.
You didn't know any spells.

Dungeon Overview and Level Annotations

Branches:
Dungeon (5/15)             Temple (0/1) D:5

Altars:
Ashenzari
Dithmenos
Nemelex Xobeh
Ru
Vehumet

Portals:
Ossuary: D:5


Innate Abilities, Weirdness & Mutations

You are resistant to torment.
Your stone body is resilient (AC +4).
You are immune to poison.
You resist negative energy.
You are resistant to electric shocks.
You can survive without breathing.
You are immune to petrification.
You are immune to rotting.


Message History

You barely miss the ice beast. The ice beast completely misses you.
The orc barely misses you.
The ice beast hits you but does no damage.
You barely miss the orc priest. The orc barely misses you.
The orc priest mumbles some strange prayers to Beogh against you.
Pain shoots through your body!
The ice beast hits you but does no damage.
The orc priest invokes the aid of Beogh against you.
Something smites you!
* * * LOW HITPOINT WARNING * * *
The orc hits you but does no damage. The orc priest barely misses you.
The orc hits you with a flail.
* * * LOW HITPOINT WARNING * * *
The ice beast hits you but does no damage.
It was a potion of might.
You feel very mighty all of a sudden. The orc hits you but does no damage.
The orc priest closely misses you.
The orc priest invokes the aid of Beogh against you.
Something smites you!
You die...

#.......................
#...........[..........∩
#.......................
#................###....
#####...#........# #....
#####...#........# #....
#......)....)....# #....
#.....oYo.....#### #....
#.....o@o.....# ......
#.............# [......
#.............# ......##
######................
#.........?. #
#.........$. #
########..... # .. # #


You could see an ice beast, 2 orc priests and 2 orcs.

Vanquished Creatures
  Sigmund (D:2)
  An ice beast (D:5)
  The ghost of Zhenya25pyc the Shield-Bearer, a weakling DDFi (D:3)
  A giant frog zombie (D:5)
  A hound (D:5)
  A worker ant (D:4)
  An adder (D:3)
  An adder zombie (D:5)
  2 worms (D:3)
  7 orcs (D:5)
  A ball python (D:3)
  11 bats
  2 giant cockroaches
  9 goblins
  4 hobgoblins
  4 kobolds
  2 quokkas (D:3)
  A giant gecko (D:5)
  5 giant newts
  7 rats
63 creatures vanquished.

Notes
Turn   | Place    | Note
--------------------------------------------------------------
     0 | D:1      | Zhenya25pyc the Gargoyle Gladiator began the quest for the Orb.
     0 | D:1      | Reached XP level 1. HP: 12/12 MP: 1/1
   121 | D:1      | Reached XP level 2. HP: 12/17 MP: 2/2
   414 | D:1      | Reached XP level 3. HP: 18/21 MP: 3/3
  1241 | D:2      | Noticed Sigmund
  1253 | D:2      | Killed Sigmund
  1253 | D:2      | Reached XP level 4. HP: 18/27 MP: 4/4
  1253 | D:2      | Reached XP level 5. HP: 20/31 MP: 5/5
  1976 | D:3      | Noticed Zhenya25pyc's ghost (weakling DDFi)
  2009 | D:3      | Killed Zhenya25pyc's ghost
  2009 | D:3      | Reached skill level 4 in Dodging
  2009 | D:3      | Reached XP level 6. HP: 13/36 MP: 6/6
  2343 | D:4      | Found a radiant altar of Vehumet.
  2346 | D:4      | Found a sacrificial altar of Ru.
  2346 | D:4      | Found a shadowy altar of Dithmenos.
  2350 | D:4      | Found a sparkling altar of Nemelex Xobeh.
  2352 | D:4      | Became a worshipper of Vehumet
  2503 | D:5      | Entered Level 5 of the Dungeon
  2630 | D:5      | Reached skill level 1 in Polearms
  2802 | D:5      | Reached XP level 7. HP: 29/41 MP: 7/7
  2807 | D:5      | Found a shattered altar of Ashenzari.
  2831 | D:5      | Found a staircase to the Ecumenical Temple.
  2849 | D:5      | Found a sand-covered staircase.
  2961 | D:5      | Killed from afar by an orc priest

Action                   |  1- 3 |  4- 6 |  7- 9 || total
-------------------------+-------+-------+-------++-------
Melee: Flail             |   122 |       |       ||   122
       Scythe            |       |   138 |    38 ||   176
  Use: Potion            |       |     3 |     1 ||     4
  Eat: Chunk             |     1 |     3 |       ||     4
       Meat ration       |       |     2 |       ||     2
